 Dungeon Crawl Stone Soup version 0.29-a0-1009-g60c99734e7 (webtiles) character file.

Game seed: 16925973700088854637

25665 Gargoyl the Protected (level 13, -5/83 HPs)
             Began as a Gargoyle Berserker on Aug 8, 2022.
             Was a Priest of Trog.
             Slain by a 19-headed hydra (7 damage)
             ... on level 1 of the Lair of Beasts.
             The game lasted 00:18:50 (14788 turns).

Gargoyl the Protected (Gargoyle Berserker)         Turns: 14788, Time: 00:18:51

Health: -5/83      AC: 34    Str: 22    XL:     13   Next: 21%
Magic:  13/13      EV: 13    Int:  8    God:    Trog [***...]
Gold:   1037       SH:  0    Dex: 19    Spells: 12/12 levels left

rFire   + . .      SeeInvis .   a - +2 hand axe (spect)
rCold   . . .      Faith    .   (no shield)
rNeg    + . .      Spirit   .   y - +0 plate armour
rPois   ∞          Reflect  .   e - +2 helmet
rElec   +          Harm     .   u - +2 cloak {Stlth+}
rCorr   .          Rampage  .   (no gloves)
Will    ++...                   t - +0 pair of boots
Stlth   ..........              f - amulet of magic regeneration
HPRegen 1.23/turn               k - ring "Weduzxur" {rF+ EV+4}
MPRegen 0.53/turn               N - +6 ring of dexterity

@: strong-willed, on berserk cooldown, regenerating, slowed, studying Long
Blades, very slow
A: sickness immunity, AC +9, negative energy resistance 1, electricity
resistance, torment resistance 1, petrification resistance
a: Renounce Religion, Berserk, Trog's Hand


You were on level 1 of the Lair of Beasts.
You worshipped Trog.
Trog was most pleased with you.
You visited 2 branches of the dungeon, and saw 13 of its levels.
You also visited: Bailey and Volcano.

You collected 1037 gold pieces.

Inventory:

Hand Weapons
 a - a +2 spectral hand axe (weapon)
 d - a +2 dagger of protection
 n - a +1 hand axe of distortion
 C - the +8 rapier "Rolepru" {vorpal, rC+ Str+2 Int+3}
   (You found it on level 7 of the Dungeon)

   It inflicts extra damage upon your enemies.
   Str:       It affects your strength (+2).
   Int:       It affects your intelligence (+3).
   rC:        It protects you from cold.
 G - a +1 trident of venom
Missiles
 j - 3 curare-tipped darts (quivered)
 q - 40 poisoned darts
 r - a throwing net
Armour
 e - a +2 helmet (worn)
 t - a +0 pair of boots (worn)
 u - a +2 cloak of stealth (worn)
 y - a +0 plate armour (worn)
Jewellery
 f - an amulet of magic regeneration (around neck)
 k - the ring "Weduzxur" (left hand) {rF+ EV+4}
   (You found it on level 4 of the Dungeon)

   [ring of evasion]

   EV:        It affects your evasion (+4).
   rF:        It protects you from fire.
 H - a ring of protection from cold
 L - a ring of protection from cold
 N - a +6 ring of dexterity (right hand)
Wands
 h - a wand of mindburst (41)
 v - a wand of polymorph (20)
 B - a wand of acid (9)
Scrolls
 b - 2 scrolls of fear
 l - 6 scrolls of fog
 x - 3 scrolls of magic mapping
 z - a scroll of summoning
 D - 5 scrolls of blinking
 E - a scroll of teleportation
 J - 3 scrolls of identify
 M - a scroll of brand weapon
Potions
 c - 4 potions of mutation
 g - 6 potions of curing
 m - a potion of berserk rage
 o - 3 potions of cancellation
 p - a potion of magic
 s - a potion of might
 w - 3 potions of lignification
 A - 3 potions of invisibility
 F - 2 potions of attraction
 I - 4 potions of haste
Miscellaneous
 K - a phantom mirror


   Skills:
 + Level 10.5 Fighting
 + Level 12.0 Short Blades
 + Level 7.8 Axes
 + Level 1.9 Throwing
 + Level 13.1 Armour
 + Level 3.8 Dodging
 + Level 3.1 Stealth


You had 12 spell levels left.
You didn't know any spells.
Your spell library was empty.

Dungeon Overview and Level Annotations

Branches:
Dungeon (12/15)            Temple (0/1) D:7            Lair (1/5) D:10
    Orc (0/2) D:9          Bailey (visited)         Volcano (visited)

Altars:
Ashenzari
Gozag
Kikubaaqudgha
Trog
Xom
Yredelemnul


Innate Abilities, Weirdness & Mutations

You are immune to sickness and miasma.
Your stone body is resilient. (AC +9)
You are immune to poison.
You resist negative energy. (rN+)
You are resistant to electric shocks. (rElec)
You are resistant to unholy torment.
You are immune to petrification.


Message History

* * * LOW HITPOINT WARNING * * *
You feel a strong urge to attack something.
You are no longer berserk.
You are exhausted.
You feel yourself slow down.
As you read the scroll of summoning, it crumbles to dust.
Wisps of shadow whirl around you... The black mamba bites your cane toad!
The 19-headed hydra bites your black bear!
The 19-headed hydra closely misses your black bear.
The 19-headed hydra bites your black bear.
The 19-headed hydra closely misses your black bear.
The 19-headed hydra bites your black bear!
Your black bear dies!
Your black bear's corpse dissolves into shadows!
The 19-headed hydra bites your cane toad!
The 19-headed hydra bites your cane toad but does no damage.
The 19-headed hydra bites your cane toad.
The 19-headed hydra barely misses your cane toad.
The 19-headed hydra bites your cane toad but does no damage.
The 19-headed hydra closely misses your cane toad. x2
The 19-headed hydra bites your cane toad!
Your cane toad dies!
Your cane toad's corpse dissolves into shadows!
You feel much better. The black mamba bites you!
The black mamba bites you but does no damage.
The black mamba completely misses you. The 19-headed hydra closely misses you.
The 19-headed hydra bites you but does no damage. x4
The 19-headed hydra misses you.
The 19-headed hydra bites you but does no damage.
The 19-headed hydra bites you!
* * * LOW HITPOINT WARNING * * *
The 19-headed hydra misses you. The 19-headed hydra barely misses you.
The 19-headed hydra bites you.
* * * LOW HITPOINT WARNING * * *
The 19-headed hydra bites you but does no damage. x2
The 19-headed hydra bites you!
* * * LOW HITPOINT WARNING * * *
The 19-headed hydra bites you but does no damage.
The 19-headed hydra bites you!
You die...

#..## ≈≈.##..#.÷#...#
##.## lS.≈##.##.#...#
#..# .>#.$#..#.....#
#..# P}#..#..#.#...#
##.## ...≈##.##.#...#
#[.## ≈≈.##..#..#...#
##.F######..##.##...#
##SDl...^.##~. ....#
##@S....##.^# ....#
###.#### .. ....#
#..~..~~..~..#
#.≈..~..≈..~.#
##...~.}≈...##
##.~....≈.##
##########


You could see a 19-headed hydra (ally target), a black mamba, a cane toad, a
friendly basilisk (summoned) and a friendly water moccasin (summoned).

Vanquished Creatures
  2 boulder beetles (D:10)
  2 two-headed ogres
  A manticore (D:11)
  2 cyclopes (D:11)
  4 elephants (Lair:1)
  4 gargoyles
  5 cane toads (Lair:1)
  2 unseen horrors (D:10)
  3 komodo dragons
  2 trolls
  9 blink frogs (Lair:1)
  A hornet (D:9)
  A wraith (D:9)
  4 spriggans (Bailey)
  A shadow (D:10)
  27 yaks
  3 wyverns
  A golden eye (shapeshifter) (D:10)
  2 fire bats (Volcano)
  A basilisk (D:11)
  Grum (D:8)
  6 steam dragons
  7 wargs
  2 hell hounds (Volcano)
  An acid dragon (D:10)
  5 water moccasins
  Pargi (D:3)
  An ice beast (D:6)
  4 orc warriors
  A black bear (D:4)
  4 ogres (Bailey)
  4 wolves (D:8)
  7 centaurs
  3 kobold brigands
  A necrophage (D:5)
  3 bullfrogs
  A gnoll sergeant (D:11)
  5 scorpions
  4 wights (D:8)
  An electric eel (Lair:1)
  2 howler monkeys
  6 lava snakes (Volcano)
  2 hounds
  2 jellies (D:5)
  6 orc priests
  6 orc wizards
  Ijyb (D:5)
  3 gnolls (D:11)
  8 adders
  A shadow imp (D:6)
  2 ufetubi (D:5)
  3 worms
  The ghost of paps the Covert, a weakling GnDe (D:6)
  3 dart slugs
  29 orcs
  7 ball pythons
  4 endoplasms
  4 giant cockroaches
  14 goblins
  16 hobgoblins
  11 jackals
  8 quokkas
  3 bats
  2 frilled lizards
  20 kobolds
  4 rats
307 creatures vanquished.

Vanquished Creatures (collateral kills)
  A hydra (D:10)
  A fire crab (Volcano)
  Nergalle (D:10)
  A molten gargoyle (Volcano)
4 creatures vanquished.

Vanquished Creatures (others)
  A hell hog (Volcano)
  4 fungi (Lair:1)
  6 plants
11 creatures vanquished.

Grand Total: 322 creatures vanquished

Notes
Turn   | Place    | Note
-------+----------+-------------------------------------------
     0 | D:1      | Gargoyl the Gargoyle Berserker began the quest for the Orb.
     0 | D:1      | Reached XP level 1. HP: 14/14 MP: 1/1
   419 | D:1      | Reached XP level 2. HP: 17/19 MP: 2/2
   789 | D:1      | You fall into a shaft and drop 1 floor!
  1002 | D:1      | Reached XP level 3. HP: 20/24 MP: 3/3
  1387 | D:2      | Found a faded altar of an unknown god.
  1531 | D:2      | Reached skill level 1 in Stealth
  1728 | D:2      | Reached ** piety under Trog
  2121 | D:3      | Reached XP level 4. HP: 29/29 MP: 4/4
  2185 | D:3      | Found a basalt altar of Yredelemnul.
  2186 | D:3      | Noticed Pargi
  2192 | D:3      | Killed Pargi
  2193 | D:3      | Reached XP level 5. HP: 33/33 MP: 5/5
  2445 | D:3      | Found an ancient bone altar of Kikubaaqudgha.
  3171 | D:4      | Reached XP level 6. HP: 36/38 MP: 6/6
  3214 | D:4      | Identified the ring "Weduzxur" {rF+ EV+4}
  3361 | D:4      | Noticed a black bear
  3366 | D:4      | Killed a black bear
  3367 | D:4      | Reached skill level 3 in Armour
  3501 | D:4      | Reached *** piety under Trog
  3763 | D:5      | Entered Level 5 of the Dungeon
  3797 | D:5      | Reached XP level 7. HP: 39/44 MP: 7/7
  3800 | D:5      | Reached skill level 5 in Fighting
  3811 | D:5      | Reached skill level 4 in Armour
  3812 | D:5      | HP: 2/44 [orc priest/divine providence (12)]
  4215 | D:5      | Noticed Ijyb
  4305 | D:5      | Killed Ijyb
  4752 | D:6      | Noticed paps's ghost (weakling GnDe)
  4753 | D:6      | Noticed a gargoyle
  4759 | D:6      | Found a transporter.
  4772 | D:6      | Found a transporter.
  4915 | D:6      | Noticed a gargoyle
  4926 | D:6      | Killed a gargoyle
  4927 | D:6      | Reached skill level 5 in Axes
  4927 | D:6      | Reached skill level 5 in Armour
  4927 | D:6      | Reached XP level 8. HP: 51/51 MP: 8/8
  5607 | D:6      | Reached skill level 6 in Armour
  5611 | D:6      | Killed paps's ghost
  5616 | D:6      | Killed a gargoyle
  5617 | D:6      | Reached skill level 7 in Armour
  5617 | D:6      | Reached XP level 9. HP: 45/55 MP: 9/9
  6183 | D:7      | Found a bloodstained altar of Trog.
  6244 | D:7      | Found a staircase to the Ecumenical Temple.
  6247 | D:7      | Identified the +8 rapier "Rolepru" {vorpal, rC+ Str+2
                  | Int+3}
  6825 | D:8      | Reached skill level 8 in Armour
  7010 | D:8      | Found an opulent altar of Gozag.
  7048 | D:8      | Noticed Grum
  7068 | D:8      | Reached skill level 5 in Short Blades
  7068 | D:8      | Reached XP level 10. HP: 48/61 MP: 10/10
  7091 | D:8      | Killed Grum
  7704 | D:9      | Reached skill level 9 in Armour
  7813 | D:9      | Found a flagged portal.
  7834 | D:9      | Reached **** piety under Trog
  7843 | Bailey   | Entered a bailey
  8195 | Bailey   | Noticed a two-headed ogre
  8209 | Bailey   | Killed a two-headed ogre
  8353 | Bailey   | Reached XP level 11. HP: 64/68 MP: 11/11
  9023 | D:9      | Found a staircase to the Orcish Mines.
  9088 | D:10     | Entered Level 10 of the Dungeon
  9088 | D:10     | Found a broken altar of Ashenzari.
  9214 | D:10     | Noticed Nergalle
  9224 | D:10     | Killed Nergalle
  9225 | D:10     | Reached skill level 10 in Armour
  9380 | D:10     | Found a shimmering altar of Xom.
  9758 | D:10     | Noticed a two-headed ogre
  9782 | D:9      | Killed a two-headed ogre
  9811 | D:10     | Found a staircase to the Lair.
 10037 | D:11     | Noticed a boulder beetle
 10040 | D:11     | Noticed a cyclops
 10040 | D:11     | Noticed a boulder beetle
 10453 | D:11     | Noticed a seven-headed hydra
 10467 | D:10     | Killed a boulder beetle
 10468 | D:10     | Reached skill level 10 in Short Blades
 10731 | D:10     | Killed a boulder beetle
 10767 | D:10     | Killed a seven-headed hydra
 10768 | D:10     | Reached skill level 11 in Armour
 10768 | D:10     | Reached XP level 12. HP: 76/76 MP: 12/12
 11008 | D:11     | Reached skill level 1 in Throwing
 12004 | D:11     | Reached skill level 12 in Armour
 12369 | Lair:1   | Entered Level 1 of the Lair of Beasts
 12370 | Lair:1   | Found a dark tunnel.
 12380 | Volcano  | Entered a volcano
 13019 | Volcano  | Found a radiant altar of Vehumet.
 13019 | Volcano  | Noticed a hell hog
 13034 | Volcano  | Killed a hell hog
 13662 | Lair:1   | Reached skill level 10 in Fighting
 14086 | Lair:1   | Reached XP level 13. HP: 73/82 MP: 13/13
 14335 | Lair:1   | Reached skill level 13 in Armour
 14788 | Lair:1   | HP: 2/83 [19-headed hydra (12)]
 14788 | Lair:1   | Slain by a 19-headed hydra

Illustrated notes

Levels and vault maps discovered:
D:1:      nagdon_arrival_zigzag_paths, layout_basic
D:2:      layout_basic, nicolae_ecumenical_lake_church,
          minmay_misc_feat_diagonals
D:3:      minmay_chambers_of_twos, layout_basic, nicolae_overflow_crystal_walls,
          yredelemnul_altar_generic, uniq_pargi
D:4:      kennysheep_the_goblin_king, layout_cave_pools
D:5:      layout_basic, uniq_ijyb
D:6:      layout_layer_cave, gammafunk_ghost_arena, minivault_26,
          minmay_microvault
D:7:      layout_loops_ring, trog_hazing_becter, minmay_temple_entry_offerings
D:8:      layout_basic, nicolae_gozag_cash_rules_everything_around_me, uniq_grum
D:9:      layout_roguey, minmay_orc_entry_guard_dogs, enter_bailey_2
D:10:     layout_rooms, mainiacjoe_overflow_chevrons,
          nicolae_ashenzari_skybound, erik_lair_orcish_takeover, uniq_nergalle
D:11:     layout_basic, minmay_bent
D:12:     layout_loops_ring, kennysheep_cross_bottleneck
Lair:1:   layout_gridlike, enter_volcano_2, nzn_random_ring

Skill      XL: |  1  2  3  4  5  6  7  8  9 10 11 12 13 |
---------------+----------------------------------------+-----
Axes           | 3 5 6 7 |  7.8
Stealth        | 1 2 3 |  3.1
Dodging        | 2 3 |  3.8
Fighting       | 4 5 6 7 9 10 | 10.5
Short Blades   | 2 5 8 10 11 12 | 12.0
Armour         | 3 5 7 8 9 11 12 13 | 13.1
Throwing       | 1 |  1.9

Action                   |  1- 3 |  4- 6 |  7- 9 | 10-12 | 13-15 || total
-------------------------+-------+-------+-------+-------+-------++-------
Melee: Dagger            |   177 |     3 |       |       |       ||   180
       Hand axe          |    12 |    96 |    98 |    19 |    70 ||   295
       Punch             |     2 |     1 |     3 |    13 |     1 ||    20
       Rapier            |       |       |    98 |   713 |       ||   811
Throw: Dart              |       |       |       |    11 |       ||    11
Invok: Berserk           |     1 |     1 |     4 |     6 |     2 ||    14
       Trog's Hand       |       |     1 |     7 |    10 |     2 ||    20
       Brothers in Arms  |       |       |       |     3 |       ||     3
  Use: Scroll            |     8 |    13 |     4 |     5 |     1 ||    31
       Potion            |       |       |     1 |     2 |     1 ||     4
 Stab: Sleeping          |     1 |       |       |       |       ||     1
       Distracted        |       |       |       |       |     1 ||     1
Armor: Animal skin       |    66 |       |       |       |       ||    66
       Scale mail        |    28 |       |       |       |       ||    28
       Chain mail        |     2 |    60 |    54 |       |       ||   116
       Plate armour      |       |       |    71 |   506 |    78 ||   655
Dodge: Dodged            |   107 |    55 |   153 |   415 |    56 ||   786

Table legend: (Time is in decaauts)
 A = Elapsed time spent in this place.
 B = Non-inter-level travel time spent in this place.
 C = Inter-level travel time spent in this place.
 D = Time resting spent in this place.
 E = Time spent auto-exploring this place.
 F = Levels seen in this place.
 G = Mean time per level.
                   A        B        C        D        E       F      G
               +--------+--------+--------+--------+--------+-----+--------+
         Total |  14747 |  13950 |    797 |    969 |   9761 |  15 |  983.1 |
       Dungeon |  11774 |  10977 |    797 |    610 |   7802 |  12 |  981.2 |
          Lair |   1163 |   1163 |      0 |      0 |    911 |   1 | 1163.0 |
        Bailey |    601 |    601 |      0 |    209 |    221 |   1 |  601.0 |
       Volcano |   1207 |   1207 |      0 |    150 |    827 |   1 | 1207.0 |
               +--------+--------+--------+--------+--------+-----+--------+

Top non-repeatable levels by time:
    D:10: 1589 daAuts
    D:11: 1522 daAuts
     D:1: 1257 daAuts
     D:6: 1234 daAuts
 Volcano: 1207 daAuts
  Lair:1: 1163 daAuts
     D:3: 1075 daAuts
     D:5: 947 daAuts
     D:9: 930 daAuts
     D:2: 927 daAuts
     D:8: 867 daAuts
     D:7: 726 daAuts
     D:4: 694 daAuts
  Bailey: 601 daAuts
    D:12: 1 daAuts
